AoeStats
← Chiripa605

Enclosed

503826271Analyzed
3v3 RM · 1mo ago on Sep 2, 2026· 61m 15s· 6 players
Game mode
Random Map
Map size
Normal (6 player)
Population
200
Speed
Normal
Resources
Standard
Victory
Conquest
Starting age
Dark Age
Ending age
Imperial Age
RankedLock teamsTeams togetherTeam positionsShared explorationLock speedFull tech treeHidden civsTurbo modeCheats
Victory
Defeat
🇺🇸 Byzantines · United States
1196
+13
🇨🇳 Chinese · China
1179
+14
🇹🇼 Sicilians · Taiwan
1111
+17
🇪🇸 Malay · Spain
1169
-16
🇬🇧 Romans · United Kingdom
1132
-15
🇫🇮 Poles · Finland
1112
-14
Fasces
8:00 Loom
10:18 Feudal Age
10:05 Double-Bit Axe
11:49 Man-at-Arms
17:05 Wheelbarrow
17:07 Horse Collar
17:30 Arson
20:31 Castle Age
19:28 Scale Barding Armor
19:54 Forging
19:31 Town Watch
20:13 Gold Mining
21:04 Husbandry
24:58 Heavy Plow
26:15 Bow Saw
29:28 Iron Casting
30:14 Hand Cart
38:01 Imperial Age
37:32 Heavy Scorpion
40:08 Blast Furnace
40:20 Chemistry
42:29 Ballistics
43:19 Elite Battle Elephant
56:11 Conscription
northern_monk
6:27 Loom
9:32 Feudal Age
11:27 Double-Bit Axe
11:22 Horse Collar
15:57 Horse Collar
19:41 Castle Age
18:31 Scale Barding Armor
18:52 Bloodlines
19:28 Gold Mining
22:08 Husbandry
22:54 Bow Saw
23:29 Wheelbarrow
29:37 Stone Mining
33:12 Chain Barding Armor
32:54 Town Watch
34:19 Heavy Plow
34:42 Bow Saw
37:42 Gold Shaft Mining
41:36 Imperial Age
41:38 Cavalier
42:55 Plate Barding Armor
46:56 Conscription
46:49 Light Cavalry
49:39 Forging
IDDQD
4:42 Loom
10:30 Feudal Age
11:14 Double-Bit Axe
12:26 Horse Collar
18:47 Castle Age
17:23 Stone Mining
18:45 Forging
23:05 Wheelbarrow
24:34 Husbandry
25:24 Gold Mining
26:13 Scale Barding Armor
27:26 Heavy Plow
30:00 Chain Barding Armor
30:12 Bloodlines
31:29 Iron Casting
33:24 Fletching
33:35 Padded Archer Armor
34:08 Town Watch
33:47 Elite Skirmisher
34:48 Scale Mail Armor
35:39 Ballistics
37:06 Fortified Wall
40:03 Leather Archer Armor
39:43 Bodkin Arrow
44:30 Imperial Age
52:00 Conscription
Chiripa605
6:48 Loom
9:39 Feudal Age
10:24 Double-Bit Axe
12:57 Fletching
15:44 Horse Collar
22:46 Castle Age
22:52 Pikeman
23:32 Squires
23:54 Bow Saw
24:04 Heavy Plow
24:06 Bodkin Arrow
24:41 Scale Mail Armor
26:28 Wheelbarrow
25:45 Crossbowman
29:19 Hand Cart
30:27 Chain Mail Armor
31:56 Gold Mining
35:26 Imperial Age
32:55 Guard Tower
33:47 Murder Holes
36:09 Forging
36:41 Block Printing
35:58 Halberdier
37:22 Conscription
38:57 Plate Mail Armor
41:57 Chemistry
42:31 Onager
46:23 Iron Casting
50:56 Gold Shaft Mining
51:31 Light Cavalry
52:12 Husbandry
52:20 Scale Barding Armor
52:29 Hussar
1627714649
11:23 Feudal Age
15:23 Castle Age
13:38 Double-Bit Axe
13:53 Horse Collar
15:40 Loom
18:34 Wheelbarrow
23:54 Gold Mining
24:05 Stone Mining
26:24 Gold Shaft Mining
26:26 Stone Shaft Mining
26:36 Bow Saw
27:06 Heavy Plow
28:05 Hand Cart
29:07 Padded Archer Armor
28:58 Fletching
30:27 Leather Archer Armor
30:08 Bodkin Arrow
31:00 Ballistics
33:40 Imperial Age
35:37 Ring Archer Armor
35:07 Bracer
36:11 Chemistry
35:07 Murder Holes
35:45 Conscription
36:09 Elite Chu Ko Nu
37:32 Bombard Tower
38:39 Scale Mail Armor
38:50 Forging
40:35 Chain Mail Armor
40:55 Iron Casting
41:45 Iron Casting
45:39 Two-Man Saw
軍 團 兵 2 號
10:30 Loom
13:09 Feudal Age
17:22 Castle Age
15:20 Gold Mining
17:01 Scale Mail Armor
17:11 Stone Mining
17:32 Horse Collar
19:46 Double-Bit Axe
20:24 Pikeman
23:10 Bow Saw
23:12 Heavy Plow
27:18 Forging
39:01 Wheelbarrow
39:13 Wheelbarrow
45:32 Imperial Age
44:47 Chain Mail Armor
45:57 Elite Serjeant
47:10 Plate Mail Armor
47:18 Iron Casting
46:37 Fletching
50:55 Conscription
54:10 Stone Shaft Mining
55:32 Bodkin Arrow
56:42 Blast Furnace
61:42 Gold Shaft Mining
Connection lost

Rejoining the realm…

Still unreachable

The connection could not be restored.

Session expired

The server has moved on; the page needs a fresh start.